 Dungeon Crawl Stone Soup version 0.18-a0-1677-g2bdad6c (webtiles) character file.

30 Duffy the Insei (level 3, -3/26 HPs)
             Began as a Demonspawn Transmuter on Apr 2, 2016.
             Slain by a gnoll (5 damage)
             ... on level 2 of the Dungeon.
             The game lasted 00:01:15 (1201 turns).

Duffy the Insei (Demonspawn Transmuter)             Turns: 1201, Time: 00:01:16

Health: -3/26      AC:  4    Str: 10    XL:     3   Next: 5%
Magic:  6/6        EV: 12    Int: 14    God:
Gold:   95         SH:  2    Dex: 14    Spells: 1 memorised, 5 levels left

rFire  . . .     SeeInvis .       - Unarmed
rCold  . . .     Gourm    .     b - +0 robe
rNeg   . . .     Faith    .     (no shield)
rPois  .         Spirit   .     (no helmet)
rElec  .         Dismiss  .     (no cloak)
rCorr  .         Reflect  .     (no gloves)
SustAt .         Harm     .     (no boots)
MR     .....                    (no amulet)
Stlth  +.........               (no ring)
                                (no ring)

@: not resistant to hostile enchantments, very unstealthy
A: talons 1, large bone plates 1
a: no special abilities


You were on level 2 of the Dungeon.
You were not hungry.

You visited 1 branch of the dungeon, and saw 3 of its levels.

You collected 95 gold pieces.


Innate Abilities, Weirdness & Mutations

You have sharp toenails.
You are partially covered in large bone plates (AC +2, SH +2).


   Skills:
 - Level 1.0 Fighting
 - Level 1.7 Dodging
 + Level 3.2 Unarmed Combat
 - Level 2.0 Spellcasting
 + Level 2.6 Transmutations


You had 5 spell levels left.
You knew the following spells:

 Your Spells              Type           Power        Failure   Level  Hunger
a - Beastly Appendage     Trmt           #.....       10%         1    ##.....

Inventory:

Missiles
 a - 12 arrows
 i - 2 javelins (quivered)
Armour
 b - a +0 robe (worn)
Scrolls
 e - 2 scrolls of fear {unknown}
Potions
 f - a potion of lignification {unknown}
 g - a potion of agility {unknown}
 h - a potion of curing {unknown}
Books
 c - a book of Changes
Comestibles
 d - 3 bread rations
 j - a meat ration
 k - 2 chunks of flesh

Dungeon Overview and Level Annotations

Branches:
Dungeon (3/15)

Altars:


Message History

You are too injured to fight recklessly!
You are too injured to fight recklessly!
You are too injured to fight recklessly!
You are too injured to fight recklessly!
You are too injured to fight recklessly!
You are too injured to fight recklessly!
You are too injured to fight recklessly!
You are too injured to fight recklessly!
You are too injured to fight recklessly!
You are too injured to fight recklessly!
You hit the gnoll.
The gnoll is moderately wounded.
The gnoll hits you but does no damage.
You closely miss the gnoll.
The gnoll is moderately wounded.
The gnoll hits you.
You barely miss the gnoll.
The gnoll is moderately wounded.
The gnoll hits you.
You closely miss the gnoll.
The gnoll is moderately wounded.
The gnoll hits you but does no damage.
You hit the gnoll but do no damage. You claw the gnoll, but do no damage.
The gnoll is moderately wounded.
You block the gnoll's attack.
You barely miss the gnoll.
The gnoll is moderately wounded.
The gnoll hits you but does no damage.
You hit the gnoll.
The gnoll is heavily wounded.
The gnoll hits you.
You closely miss the gnoll. Your kick misses the gnoll.
The gnoll is heavily wounded.
The gnoll hits you.
You die...

#.........# #. ##.#
##.......## ## #...
#.......# ## ##...
#..<....# #.
#....#####.......# #.
#........#.......####.
#........#(......#....
#...#g..#.......#.##.
#..#@#..####.####.##.
#...#....%.....##.###
#........###.#.##.#
#.........(###.#.##.#
#.#..#.....(..(#.##.#
# #..#.##..#.#......#
#..............####
####.#######.### ...
#...#


You could see a gnoll.

Action                   || total
-------------------------++-------
Melee: Unarmed           ||    99
 Stab: Sleeping          ||     1
  Eat: Chunk             ||     1

Notes
Turn   | Place    | Note
--------------------------------------------------------------
     0 | D:1      | Duffy the Demonspawn Transmuter began the quest for the Orb.
     0 | D:1      | Reached XP level 1. HP: 15/15 MP: 3/3
   133 | D:1      | Reached skill level 2 in Transmutations
   185 | D:1      | Reached skill level 3 in Unarmed Combat
   185 | D:1      | Gained mutation: You are partially covered in large bone plates (AC +2, SH +2). [demonic ancestry]
   185 | D:1      | Reached XP level 2. HP: 19/21 MP: 5/5
  1172 | D:2      | Gained mutation: You have sharp toenails. [demonic ancestry]
  1172 | D:2      | Reached XP level 3. HP: 26/26 MP: 6/6
  1201 | D:2      | Slain by a gnoll

Vault maps used:
D:1:      dpeg_arrival_simpleton_c
D:2:      nemelex_xobeh_ov_fountains_minmay, st_stairs_14, grunt_pakellas_sulfur
D:3:      fedhas_altar_1

Vanquished Creatures
  An ooze
  A worm
  A giant gecko
  2 goblins
  2 hobgoblins
  3 jackals
  A quokka
  A ball python
  4 bats
  A giant newt
  2 kobolds
  3 rats
22 creatures vanquished.
